 Dungeon Crawl Stone Soup version 0.26-a0-497-g0187308201 (webtiles) character file.

Game seed: 6726258839958843952

74 ucvcxc the Caller (level 4, 20/24 HPs)
             Began as a Deep Elf Summoner on Aug 5, 2020.
             Quit the game on level 2 of the Dungeon on Aug 7, 2021.
             The game lasted 00:09:34 (989 turns).

ucvcxc the Caller (Deep Elf Summoner)                Turns: 989, Time: 00:09:35

Health: 20/24      AC:  3    Str:  3 (6)  XL:     4   Next: 10%
Magic:  12/12      EV: 13    Int: 19 (20) God:
Gold:   30         SH:  0    Dex: 15      Spells: 6/12 levels left

rFire    . . .     SeeInvis .   (no weapon)
rCold    . . .     Faith    .   (no shield)
rNeg     . . .     Spirit   .   a - +0 robe
rPois    .         Reflect  .   b - +0 helmet
rElec    .         Harm     .   (no cloak)
rCorr    .                      (no gloves)
MR       .....                  (no boots)
Stlth    ++........             (no amulet)
HPRegen  0.08/turn              (no ring)
MPRegen  0.13/turn              (no ring)

@: no status effects
A: no striking features
a: no special abilities


You were on level 2 of the Dungeon.
You visited 1 branch of the dungeon, and saw 3 of its levels.

You collected 30 gold pieces.

Inventory:

Armour
 a - a +0 robe (worn)
 b - a +0 helmet (worn)
 f - a +0 leather armour
Scrolls
 c - 3 scrolls of remove curse {unknown}
 d - a scroll of teleportation {unknown}
 e - a scroll of identify {unknown}
 g - a scroll of immolation {unknown}
 h - a scroll of fog {unknown}
Potions
 i - a potion of curing {unknown}
 j - 3 potions of heal wounds {unknown}


   Skills:
 + Level 2.4 Dodging
 + Level 2.4 Stealth
 + Level 4.7 Spellcasting
 + Level 5.3 Summonings


You had 6 spell levels left.
You knew the following spells:

 Your Spells              Type           Power        Failure   Level
a - Summon Small Mammal   Summ           ###.         1%          1
b - Call Imp              Summ           ###.....     2%          2
c - Call Canine Familiar  Summ           ###.....     4%          3

Your spell library contained the following spells:

 Spells                   Type           Power        Failure   Level
 Summon Guardian Golem    Hex/Summ       ##......     13%         3
 Summon Ice Beast         Ice/Summ       ##......     38%         4
 Summon Lightning Spire   Summ/Air       ##......     38%         4


Dungeon Overview and Level Annotations

Branches:
Dungeon (3/15)

Altars:

Annotations:
D:2 1 runed translucent door, Crazy Yiuf
D:3 2 transporters


Message History

The quokka bites you.
Your white imp gestures at the quokka.
The puff of frost hits the quokka.
The quokka dies!
You see here a quokka corpse.
Unknown command.
Magic restored.
Found 3 fizzy amethyst potions.
j - 3 fizzy amethyst potions
There is a stone staircase leading down here.
Level annotation: 1 runed translucent door, Crazy Yiuf Welcome back, ucvcxc the Deep Elf Summoner.
Press ? for a list of commands and other information.
Unknown command.
Unknown command.
Okay, then.
You are a level 4 Deep Elf Summoner.
You are 10% of the way to level 5.
Play time: 00:09:27 (989 turns)
You pace your travel speed to your slowest ally.
Are you sure you want to abandon this character and quit the game? (Confirm with "yes".)

##.## #.# #†###.
#############...#
#.# #..†..
#.§.....5.....#.#
#.# #..##.
.##§###########.>.#
#.# #.†##. #.##.#
##### #.# #(†###
#.##.#
#######.#####†.#
#.##.#
#.......>......#
#.##.#
#5#####.....#..#
#.##.# #@#
#....###.## #.##.#
#.# #.#.## ##.##
..##.# ##.# #..##
##.# #.##.####....
....####.#.## ##.##
#...†.......#
#.......##.###.##
####.####.#.#
#...........#.####
#.# #.#
#####............#
#.. #.#
#..########### ####
#.########..#


You could see a friendly white imp (summoned).

Vanquished Creatures (collateral kills)
  An orc wizard (D:3)
  Natasha (D:2)
  3 gnolls (D:2)
  An ooze (D:3)
  A worm (D:3)
  6 dart slugs (D:3)
  2 leopard geckos
  3 orcs (D:3)
  2 bats
  A giant cockroach (D:1)
  2 goblins
  3 hobgoblins
  2 jackals (D:2)
  2 kobolds (D:2)
  A quokka (D:2)
  A frilled lizard (D:2)
  3 rats
35 creatures vanquished.

Notes
Turn   | Place    | Note
-------+----------+-------------------------------------------
     0 | D:1      | ucvcxc the Deep Elf Summoner began the quest for the Orb.
     0 | D:1      | Reached XP level 1. HP: 10/10 MP: 6/6
   167 | D:1      | You fall into a shaft and drop 1 floor!
   218 | D:2      | Found a runed translucent door.
   229 | D:2      | Noticed Crazy Yiuf
   274 | D:3      | Reached XP level 2. HP: 15/15 MP: 4/8
   284 | D:2      | Learned a level 2 spell: Call Imp
   297 | D:3      | Found a transporter.
   306 | D:3      | Noticed a small abomination
   306 | D:3      | Noticed a small abomination
   310 | D:3      | Found a transporter.
   500 | D:3      | Reached skill level 5 in Summonings
   512 | D:3      | Reached XP level 3. HP: 8/19 MP: 3/10
   736 | D:2      | Noticed Natasha
   774 | D:2      | Killed Natasha
   839 | D:2      | Reached XP level 4. HP: 14/24 MP: 1/12
   844 | D:2      | Learned a level 3 spell: Call Canine Familiar
   989 | D:2      | Quit the game

Illustrated notes

Levels and vault maps discovered:
D:1:      kilobyte_arrival_exit_the_forest, layout_basic, st_stairs_7
D:2:      layout_loops_ring, lemuel_crystal_altar, uniq_natasha,
          uniq_crazy_yiuf_cottage
D:3:      kennysheep_slugbush, layout_basic, gammafunk_ghost_abyssal_escape

Skill      XL: |  1  2  3 |
---------------+----------+-----
Summonings     | 5 |  5.3
Spellcasting   | 4 |  4.7
Dodging        | |  2.4
Stealth        | |  2.4

Action                   |  1- 3 |  4- 6 || total
-------------------------+-------+-------++-------
Melee: Unarmed           |     1 |     1 ||     2
 Cast: Summon Small Mamm |    33 |       ||    33
       Call Imp          |    13 |     1 ||    14
  Use: Potion            |     2 |       ||     2
Armor: Robe              |     3 |     1 ||     4
Dodge: Dodged            |    12 |     1 ||    13

Table legend: (Time is in decaauts)
 A = Elapsed time spent in this place.
 B = Non-inter-level travel time spent in this place.
 C = Inter-level travel time spent in this place.
 D = Time resting spent in this place.
 E = Time spent auto-exploring this place.
 F = Levels seen in this place.
 G = Mean time per level.
                   A        B        C        D        E       F      G
               +--------+--------+--------+--------+--------+-----+--------+
         Total |    998 |    997 |      1 |    145 |     22 |   3 |  332.7 |
       Dungeon |    998 |    997 |      1 |    145 |     22 |   3 |  332.7 |
               +--------+--------+--------+--------+--------+-----+--------+

Top non-repeatable levels by time:
     D:3: 471 daAuts
     D:2: 358 daAuts
     D:1: 168 daAuts
